 Dungeon Crawl Stone Soup version 0.17-a0-1650-gce8475a (webtiles) character file.

15913 LilCorpsy the Fencer (level 12, -9/92 HPs)
             Began as a Minotaur Chaos Knight on Aug 13, 2015.
             Mangled by Urug
             ... wielding a +0 battleaxe
              (16 damage)
             ... on level 10 of the Dungeon.
             The game lasted 00:23:03 (9166 turns).

LilCorpsy the Fencer (Minotaur Chaos Knight)        Turns: 9166, Time: 00:23:03

Health: -9/92      AC: 26    Str: 22      XL:     12   Next: 5%
Magic:  11/11      EV:  5    Int:  2 (4)  God:    Xom [..*...]
Gold:   539        SH:  7    Dex:  9 (10) Spells: 0 memorised, 11 levels left

rFire  . . .     SeeInvis .     a - +1 falchion (chaos)
rCold  . . .     Clarity  .     G - +3 plate armour {MR+}
rNeg   . . .     SustAt   .     q - +0 shield
rPois  +         Gourm    .     (helmet restricted)
rElec  .         Spirit   .     (no cloak)
rCorr  +         Warding  .     p - +1 pair of gloves
rMut   .         Stasis   .     y - +1 pair of boots
MR     +....                    d - amulet of resist corrosion
Stlth  ..........               g - -5 ring of intelligence (curse)
                                v - ring of poison resistance

@: somewhat resistant to hostile enchantments, extremely unstealthy
A: retaliatory headbutt, horns 2, rugged brown scales 1
a: Renounce Religion


You were on level 10 of the Dungeon.
You worshipped Xom.
You were a toy of Xom.
You were not hungry.

You visited 1 branch of the dungeon, and saw 10 of its levels.

You collected 539 gold pieces.

Inventory:

Hand weapons
 a - a +1 falchion of chaos (weapon)
 E - a +2 long sword of slicing
Armour
 p - a +1 pair of gloves (worn)
 q - a +0 shield (worn)
 y - a +1 pair of boots (worn)
 G - a +3 plate armour of magic resistance (worn)
Jewellery
 d - an amulet of resist corrosion (around neck)
 g - a cursed -5 ring of intelligence (right hand)
 v - a ring of poison resistance (left hand)
Magical devices
 m - a wand of paralysis (22)
 r - a wand of frost (28)
 s - a wand of random effects (21)
 u - a wand of hasting (2)
 A - a wand of confusion (27)
 I - a wand of slowing (27)
Scrolls
 b - a scroll of amnesia
 f - 6 scrolls of remove curse
 o - 6 scrolls of identify
 w - 2 scrolls of teleportation
 B - 3 scrolls of silence {unknown}
 C - a scroll of enchant armour
 D - a scroll of torment {unknown}
 F - 2 scrolls of blinking
 L - 3 scrolls of magic mapping
Potions
 e - 2 potions of might
 h - 2 potions of flight
 i - 3 potions of curing
 j - 3 potions of degeneration
 l - a potion of brilliance
 n - a potion of cure mutation
 x - 2 potions of heal wounds
 z - 2 potions of magic
 H - a potion of agility
 K - a potion of haste
Books
 J - a book of Spatial Translocations

   Spells                             Type                      Level
   a - Apportation                    Translocation                1
   b - Blink                          Translocation                2
   c - Shroud of Golubria             Charms/Translocation         2
   d - Portal Projectile              Translocation                3
   e - Teleport Other                 Translocation                3
   f - Passage of Golubria            Translocation                4
Comestibles
 c - 8 bread rations
 k - 8 fruits


   Skills:
 - Level 3.6 Fighting
 - Level 16.7 Long Blades
 * Level 15.9 Armour
 - Level 1.1 Dodging


You had 11 spell levels left.
You didn't know any spells.

Dungeon Overview and Level Annotations

Branches:
Dungeon (10/15)            Temple (0/1) D:5
   Lair: D:8-11         Orc: D:9-12

Altars:
Elyvilon
Fedhas
Gozag
Nemelex Xobeh
Qazlal
Ru
Xom
The Shining One

Shops:
D:8 (

Annotations:
D:10 Urug


Innate Abilities, Weirdness & Mutations

You reflexively headbutt those who attack you in melee.
You have a pair of horns on your head.
You are partially covered in rugged brown scales (AC +1, +3% HP).


Message History

You are confused.
You feel invigorated. "Go forth and destroy!"
You feel more experienced!
Your Long Blades skill gained 2 levels and is now at level 16!
You have reached level 12!
Your experience leads to an increase in your attributes!
Your base attributes are Str 21, Int 9, Dex 9.
Increase (S)trength, (I)ntelligence, or (D)exterity?
You feel stronger.
You feel agile. Urug hits you with a battleaxe!!
* * * LOW HITPOINT WARNING * * *
You're too confused!
Urug hits you with a battleaxe!!
* * * LOW HITPOINT WARNING * * *
You feel less invigorated.
You feel less confused. Urug hits you with a battleaxe!
You die...
Xom chortles!

# # ######.#...
#.@<.....#
#o.†.#.#.#
........).......
..#.....!...#.#.
...............
#.#.###.#####.#
# #. #.# .# #
#.. # ##.


You could see Urug (berserk).

Vanquished Creatures
  Grinder (D:3)
  A hippogriff (D:8)
  4 phantoms
  3 orc warriors
  A black bear (D:9)
  A wasp (D:9)
  An ogre (D:8)
  5 ice beasts
  4 centaurs
  A giant frog (D:9)
  A wyvern skeleton (D:6)
  A scorpion (D:4)
  3 killer bees (D:9)
  2 crimson imps
  A centaur zombie (D:6)
  A quasit (D:7)
  3 hounds
  2 jellies
  3 centaur skeletons
  6 orc priests
  5 orc wizards
  5 worker ants
  A hound skeleton (D:4)
  A worker ant zombie (D:7)
  4 gnolls (D:6)
  8 adders
  A shadow imp (D:9)
  An ooze (D:1)
  An adder zombie (D:9)
  3 adder skeletons
  6 worms
  2 giant geckos
  28 orcs
  3 ball pythons
  5 bats
  5 giant cockroaches
  3 hobgoblins
  6 quokkas
  A giant gecko skeleton (D:8)
  2 giant newts
  9 goblins
  A jackal skeleton (D:6)
  4 kobolds
  A quokka skeleton (D:5)
  3 rats (D:1)
154 creatures vanquished.

Vanquished Creatures (collateral kills)
  A sky beast (D:6)
  A scorpion (D:6)
  An orc priest (D:6)
  A hound (D:8)
  An orc (D:6)
  A giant cockroach (D:5)
6 creatures vanquished.

Vanquished Creatures (others)
  2 fire vortices (D:5)
2 creatures vanquished.

Grand Total: 162 creatures vanquished

Notes
Turn   | Place    | Note
--------------------------------------------------------------
     0 | D:1      | LilCorpsy the Minotaur Chaos Knight began the quest for the Orb.
     0 | D:1      | Reached XP level 1. HP: 19/19 MP: 0/0
    17 | D:1      | Reached skill level 4 in Long Blades
   130 | D:1      | Reached XP level 2. HP: 19/26 MP: 1/1
   259 | D:1      | XOM: harmless Tloc miscast
   421 | D:1      | Found a shimmering altar of Xom.
   616 | D:1      | Reached skill level 5 in Long Blades
   910 | D:2      | Reached XP level 3. HP: 31/31 MP: 2/2
  1092 | D:2      | XOM: divination: detect creatures
  1372 | D:2      | XOM: cast spell 'Beastly Appendage'
  1723 | D:2      | XOM: divination: detect creatures
  1816 | D:3      | XOM: harmless Conj miscast
  1884 | D:3      | Noticed Grinder
  1884 | D:3      | XOM: potion effect (haste)
  1888 | D:3      | XOM: summons friendly crimson imp
  2069 | D:4      | Reached XP level 4. HP: 39/39 MP: 3/3
  2222 | D:4      | XOM: harmless Necr miscast
  2325 | D:4      | Reached skill level 6 in Long Blades
  2331 | D:4      | XOM: silly message
  2578 | D:4      | Reached XP level 5. HP: 36/45 MP: 4/4
  2580 | D:4      | Reached skill level 7 in Long Blades
  2665 | D:4      | XOM: divination: detect creatures
  2726 | D:4      | Reached skill level 8 in Long Blades
  2799 | D:4      | Reached XP level 6. HP: 51/51 MP: 5/5
  2840 | D:4      | Noticed a scorpion
  2844 | D:4      | Killed a scorpion
  2979 | D:4      | XOM: silly message
  3141 | D:3      | XOM: potion effect (berserk rage)
  3142 | D:3      | Killed Grinder
  3142 | D:3      | Reached skill level 9 in Long Blades
  3142 | D:3      | Reached XP level 7. HP: 57/57 MP: 6/6
  3318 | D:3      | Found a shimmering altar of Xom.
  3318 | D:3      | Found a sacrificial altar of Ru.
  3405 | D:3      | XOM: divination: detect creatures
  3685 | D:3      | XOM: colour smoke trail
  3741 | D:5      | Entered Level 5 of the Dungeon
  3819 | D:5      | Found a blossoming altar of Fedhas.
  3860 | D:5      | XOM: colour smoke trail
  3861 | D:5      | Found a glowing golden altar of the Shining One.
  3862 | D:5      | Found an opulent altar of Gozag.
  3903 | D:5      | XOM: harmless Fire miscast
  4024 | D:5      | Found a staircase to the Ecumenical Temple.
  4069 | D:5      | Found a white marble altar of Elyvilon.
  4077 | D:5      | XOM: summons 3 friendly demons
  4083 | D:5      | Reached skill level 10 in Long Blades
  4143 | D:5      | XOM: give mutations
  4143 | D:5      | Gained mutation: You are partially covered in molten scales (AC +1). [Xom's grace]
  4143 | D:5      | Gained mutation: You are partially covered in icy blue scales (AC +1). [Xom's grace]
  4143 | D:5      | Gained mutation: Your mind is acute. (Int +2) [Xom's grace]
  4143 | D:5      | Gained mutation: You are partially covered in yellow scales (AC +2). [Xom's grace]
  4264 | D:5      | XOM: god gift: bread ration
  4419 | D:5      | XOM: mild Fire miscast
  5096 | D:5      | XOM: harmless Chrm miscast
  5157 | D:6      | XOM: summons 7 friendly demons
  5160 | D:6      | Reached skill level 11 in Long Blades
  5175 | D:6      | Lost mutation: You are partially covered in yellow scales (AC +2). [mutagenic meat]
  5176 | D:6      | Gained mutation: You tend to lose your temper in combat. [mutagenic meat]
  5177 | D:6      | Gained mutation: You are partially covered in rugged brown scales (AC +1, +3% HP). [mutagenic meat]
  5178 | D:6      | Lost mutation: Your mind is acute. (Int +2) [mutagenic meat]
  5179 | D:6      | Gained mutation: You are agile. (Dex +2) [mutagenic meat]
  5278 | D:6      | XOM: smoke on damage
  5302 | D:6      | Reached XP level 8. HP: 36/65 MP: 7/7
  5417 | D:6      | XOM: medium Necr miscast
  5642 | D:6      | Reached skill level 5 in Armour
  5695 | D:6      | XOM: summons 7 friendly demons
  5832 | D:6      | XOM: noise
  5945 | D:6      | Found a sparkling altar of Nemelex Xobeh.
  6112 | D:6      | XOM: scenery: create altars
  6143 | D:6      | XOM: enchant monster (good)
  6144 | D:6      | XOM: polymorph orc -> quokka
  6426 | D:6      | XOM: mild Trmt miscast
  6859 | D:7      | Lost mutation: You tend to lose your temper in combat. [potion of cure mutation]
  6859 | D:7      | Lost mutation: You are agile. (Dex +2) [potion of cure mutation]
  6859 | D:7      | Lost mutation: You are partially covered in molten scales (AC +1). [potion of cure mutation]
  6859 | D:7      | Lost mutation: You are partially covered in icy blue scales (AC +1). [potion of cure mutation]
  6860 | D:7      | Reached skill level 15 in Armour
  6860 | D:7      | Reached XP level 9. HP: 72/72 MP: 8/8
  6861 | D:7      | Reached XP level 10. HP: 79/79 MP: 9/9
  6897 | D:7      | XOM: divination: magic mapping
  6898 | D:7      | XOM: cast spell 'Cause Fear'
  7029 | D:7      | Found a stormy altar of Qazlal.
  7242 | D:8      | Found Micronod's Antique Weapon Emporium.
  7686 | D:8      | XOM: potion effect (berserk rage)
  7735 | D:8      | XOM: colour smoke trail
  8431 | D:9      | XOM: colour smoke trail
  8646 | D:9      | XOM: silly message
  8661 | D:9      | Reached XP level 11. HP: 64/84 MP: 10/10
  8786 | D:9      | XOM: divination: detect items
  9147 | D:10     | Entered Level 10 of the Dungeon
  9154 | D:10     | Noticed Urug
  9164 | D:10     | XOM: potion effect (experience)
  9164 | D:10     | Reached skill level 16 in Long Blades
  9164 | D:10     | Reached XP level 12. HP: 53/92 MP: 11/11
  9165 | D:10     | HP: 1/92 [Urug/battleaxe (23)]
  9166 | D:10     | Mangled by Urug

Vault maps used:
D:1:      dpeg_arrival_stonehenge_8_columns, xom_teletrap_fun
D:2:      serial_co_window_serial, co_window_paths_a, co_window_corner_a,
          co_window_of_opportunity_a, co_window_corner_a, co_window_paths_a,
          co_window_broadway_b, co_window_2corner, co_window_unsneaky_path_b,
          co_window_2corner, co_window_corner_b, co_window_unsneaky_path_b,
          co_window_paths_e, co_window_paths_d, glass_columns_a,
          glass_columns_b, glass_columns_a, glass_columns_a
D:3:      gammafunk_temple_overflow_wave, uniq_grinder
D:4:      minmay_misc_feat_tiny, kennysheep_generic_room_3
D:5:      grunt_temple_overflow_open, old_standard_altar,
          minmay_temple_entry_enclosed_plants, first_bread
D:6:      kennysheep_mini
D:7:      grunt_qazlal_sundering
D:8:      serial_shops, nicolae_shop_competitors_out_of_business
D:9:      serial_corexii_hall, corexii_hall_statues_i, corexii_hall_statues_x,
          corexii_hall_statues_i
D:10:     due_megacathedral, david_lair_generic, special_room, minivault_8,
          uniq_urug, uniq_erica

Action                   |  1- 3 |  4- 6 |  7- 9 | 10-12 || total
-------------------------+-------+-------+-------+-------++-------
Melee: Falchion          |   102 |    38 |   209 |   275 ||   624
  Use: Scroll            |     6 |     1 |     4 |       ||    11
       Potion            |       |     3 |     8 |     8 ||    19
 Stab: Paralysed         |     1 |     1 |     3 |       ||     5
       Distracted        |       |       |     1 |       ||     1
       Confused          |       |       |     3 |     1 ||     4
  Eat: Fruit             |     3 |       |     2 |       ||     5
       Meat ration       |       |     1 |     1 |     1 ||     3
       Chunk             |       |       |     6 |       ||     6
       Bread ration      |       |       |     1 |     1 ||     2
       Royal jelly       |       |       |     1 |       ||     1
       Beef jerky        |       |       |       |     1 ||     1
